Map: Kairos Junction LE

Players

zuka - Winner!

  • Race: Protoss Protoss
  • League: Master
  • Spawn Location: 5:00

EmperorDanda

  • Race: Terran Terran
  • League: Master
  • Spawn Location: 11:00

VOD

Have the link to the VOD?

Description

Time

  • Played on: March 17, 2019, 3:47 p.m.
  • Length: 7:23
Show
View Real Time Build Order
Export as new Build Order

zuka Protoss - Winner!

Build Orders:  

Get SALT Encoding   

  12  0:01  Probe  
  13  0:13  Probe  
  14  0:18  Pylon  
  14  0:21  Probe  
  15  0:32  Probe  
  15  0:39  Gateway  
  16  0:43  Probe  
  16  0:48  Assimilator  
  17  0:55  Probe  
  18  1:07  Probe  
  19  1:15  Pylon  
  19  1:17  Zealot  
  19  1:19  Probe  
  20  1:26  Cybernetics Core  
  20  1:32  Probe  
  23  1:44  Probe  
  24  1:57  Probe, Stalker  
  26  2:23  Nexus  
  26  2:27  Stalker  
  26  2:28  Warp Gate  
  28  2:31  Pylon  
  28  2:32  Probe  
  29  2:50  Probe  
  30  2:53  Assimilator  
  30  2:57  Stalker  
  32  3:03  Probe  
  33  3:09  Robotics Facility  
  33  3:13  Gateway  
  33  3:15  Probe  
  32  3:28  Probe  
  33  3:37  Probe  
  33  3:39  Probe  
  35  3:45  Probe  
  35  3:47  Immortal  
  35  3:50  Twilight Council  
  35  3:51  Probe  
  35  3:54  Probe  
  42  4:03  Charge, Probe  
  42  4:06  Probe  
  44  4:15  Probe  
  45  4:17  Gateway  
  45  4:18  Probe  
  45  4:23  Gateway  
  46  4:25  Stalker  
  46  4:27  Probe  
  46  4:29  Sentry  
  51  4:39  Warp Prism  
  51  4:41  Pylon  
  53  4:49  Gateway  
  53  4:53  Pylon  
  53  5:00  Gateway x2  
  53  5:04  Sentry  
  55  5:08  Stalker  
  55  5:11  Pylon  
  55  5:13  Zealot  
  59  5:23  Zealot  
  59  5:28  Zealot  
  63  5:31  Zealot  
  63  5:35  Zealot  
  67  5:42  Pylon  
  67  5:53  Zealot x4  
  67  5:55  Zealot x2  
  67  5:56  Observer  
  64  6:21  Zealot, Stalker x2  
  64  6:22  Zealot x3  
  76  6:44  Zealot x5  
  86  6:52  Nexus  
  80  7:04  Zealot x3  
  80  7:05  Zealot  
  80  7:21  Stalker x3  
Show
View Real Time Build Order
Export as new Build Order

EmperorDanda Terran 

Build Orders:  

Get SALT Encoding   

  12  0:00  SCV  
  13  0:12  SCV  
  14  0:21  Supply Depot  
  14  0:25  SCV  
  15  0:42  SCV  
  16  0:44  Barracks  
  16  0:48  Refinery  
  16  0:54  SCV  
  17  1:06  SCV  
  18  1:19  SCV  
  19  1:33  Reaper  
  19  1:36  SCV  
  21  1:43  Command Center  
  21  1:51  Orbital Command  
  21  2:01  Supply Depot  
  21  2:06  Refinery  
  21  2:10  Barracks Reactor  
  21  2:18  SCV  
  22  2:28  Factory  
  22  2:30  SCV  
  22  2:46  Marine x2  
  24  2:52  SCV  
  25  3:04  Marine x2  
  27  3:13  Factory Tech Lab  
  27  3:29  SCV  
  27  3:30  Marine x2  
  29  3:41  Cyclone  
  31  3:45  Supply Depot, Starport  
  31  3:46  Supply Depot  
  31  3:51  Marine x2, SCV  
  34  3:57  Orbital Command  
  34  4:04  SCV  
  35  4:12  Marine x2  
  35  4:16  SCV  
  38  4:26  SCV  
  38  4:27  Siege Tank  
  38  4:28  SCV  
  43  4:33  Starport Tech Lab  
  43  4:38  Marine x2, SCV  
  44  4:42  SCV  
  47  4:50  SCV  
  47  4:51  Banshee, Cloaking Field  
  51  4:54  SCV  
  51  4:56  Marine  
  53  5:00  Supply Depot  
  53  5:02  SCV  
  53  5:05  Siege Tank  
  53  5:06  SCV  
  58  5:13  Marine  
  58  5:14  Supply Depot, SCV  
  59  5:19  Marine  
  59  5:21  SCV  
  62  5:24  Supply Depot  
  62  5:26  SCV  
  63  5:30  Marine  
  63  5:33  SCV  
  63  5:34  Banshee  
  68  5:36  Marine  
  68  5:38  Siege Tank  
  68  5:40  SCV  
  73  5:44  Supply Depot  
  73  5:45  Supply Depot  
  73  5:48  Marine  
  73  5:49  SCV  
  75  5:54  Marine  
  66  6:06  Marine  
  54  6:12  Marine  
  54  6:18  Siege Tank  
  48  6:23  SCV x2  
  48  6:24  Marine  
  51  6:27  Banshee  
  51  6:30  Marine  
  55  6:35  SCV x2, Barracks x2  
  54  6:47  Marine  
  55  6:58  Marine  
Tags
 
Add a new tag
Caveats
  • Supply blocks, unpowered buildings, or Contaminate may cause inaccurate times.
  • Supply counts are checked every 10 seconds.